 Dungeon Crawl Stone Soup version 0.20.2-3-g29329e0561 (webtiles) character file.

97 Alfie the Shield-Bearer (level 4, -1/40 HPs)
             Began as a Minotaur Fighter on Feb 12, 2021.
             Slain by Grinder (2 damage)
             ... on level 3 of the Dungeon.
             The game lasted 00:05:21 (1612 turns).

Alfie the Shield-Bearer (Minotaur Fighter)          Turns: 1612, Time: 00:05:22

Health: -1/40      AC: 11    Str: 19 (21) XL:     4   Next: 42%
Magic:  3/3        EV:  3    Int:  2 (5)  God:
Gold:   117        SH: 14    Dex:  8 (10) Spells: 3/3 levels left

rFire    . . .     SeeInvis .   a - +0 long sword
rCold    . . .     Gourm    .   c - +0 shield
rNeg     . . .     Faith    .   k - +0 plate armour
rPois    .         Spirit   .   (helmet restricted)
rElec    .         Reflect  +   (no cloak)
rCorr    .         Harm     .   (no gloves)
MR       .....                  (no boots)
Stlth    ..........             b - +5 amulet of reflection
Regen    0.2/turn               (no ring)
MPRegen  0.1/turn               (no ring)

@: no status effects
A: retaliatory headbutt, horns 2
a: no special abilities


You were on level 3 of the Dungeon.
You were not hungry.

You visited 1 branch of the dungeon, and saw 3 of its levels.

You collected 117 gold pieces.

Inventory:

Hand Weapons
 a - a +0 long sword (weapon)
Missiles
 o - 3 tomahawks (quivered)
Armour
 c - a +0 shield (worn)
 k - a +0 plate armour (worn)
Jewellery
 b - a +5 amulet of reflection (around neck)
 m - a +3 amulet of reflection
 n - an uncursed ring of see invisible {unknown}
Wands
 h - a wand of lightning (14/15)
Scrolls
 e - 2 scrolls of teleportation
 g - 4 scrolls of remove curse
 l - a scroll of amnesia
Potions
 d - a potion of might
 i - a potion of flight
Comestibles
 f - 3 bread rations


   Skills:
 + Level 4.1 Fighting
 + Level 3.5 Long Blades
 + Level 4.3 Armour
 + Level 4.8 Shields


You had 3 spell levels left.
You didn't know any spells.

Dungeon Overview and Level Annotations

Branches:
Dungeon (3/15)

Altars:
Qazlal

Annotations:
D:3 Grinder


Innate Abilities, Weirdness & Mutations

You reflexively headbutt those who attack you in melee.
You have a pair of horns on your head.


Message History

Grinder is heavily wounded.
You block Grinder's attack. Grinder hits you but does no damage.
Unknown command.
It was a potion of degeneration.
There was something very wrong with that liquid.
You feel weakened.
You feel dopey.
You feel clumsy. You block Grinder's attack.
You closely miss Grinder. You headbutt Grinder.
Grinder is severely wounded.
Grinder hits you but does no damage.
Your plate armour prevents you from hitting Grinder.
Grinder is severely wounded.
Grinder barely misses you.
You riposte.
You hit Grinder but do no damage.
Grinder is severely wounded.
You closely miss Grinder. You headbutt Grinder.
Grinder is severely wounded.
Grinder hits you.
* * * LOW HITPOINT WARNING * * *
You writhe in agony.
You die...

#,**,,**,,* **,,,,,* *,,,,,,***
#,**,,,*,,** *,,,,,* *,,,,,,,,,
..##.#.....* *,,,,,***,,,,,,,,,
.....#.#..#* *****,,,+,,,,,,,,,
.##....#..# ##********,,,,,,,,,
.......#..#####.,,,,,,,,,,,,*,,,,
..#...........#.##***********,,,,
........#.#*#.#.5#*,,,,,,,,,,,,**
.###......# #.##@#*,,,.,,,,,,,,*
.......#..###.##.##....,,,,,,,,*
##<#..†..>..............,,,,,,,*
.......#..###.##.#......,,,,,,,*
....#..#..# #.##?#......,,,,,,,*
....#..#..# #.##.#*$....,,,,,,,*
...#...#..# #.##..+.....,,,,,,,*
..........# #.####*,....,,,,,,,*
...######.# #.# ****+##.*,*+*****


You could see Grinder.

Vanquished Creatures
  3 gnolls (D:2)
  An adder (D:3)
  An ooze (D:1)
  2 dart slugs
  3 leopard geckos
  An orc (D:3)
  2 giant cockroaches (D:2)
  5 goblins
  8 hobgoblins
  4 kobolds
  A quokka (D:2)
  A ball python (D:1)
  4 bats (D:2)
  6 frilled lizards
  3 rats (D:2)
45 creatures vanquished.

Vanquished Creatures (others)
  A kobold (D:2)
  4 toadstools (D:1)
5 creatures vanquished.

Grand Total: 50 creatures vanquished

Notes
Turn   | Place    | Note
-------+----------+-------------------------------------------
     0 | D:1      | Alfie the Minotaur Fighter began the quest for the Orb.
     0 | D:1      | Reached XP level 1. HP: 19/19 MP: 0/0
    78 | D:1      | Reached XP level 2. HP: 26/27 MP: 1/1
   540 | D:2      | Found a stormy altar of Qazlal.
   561 | D:2      | Reached XP level 3. HP: 33/33 MP: 2/2
   721 | D:2      | Reached XP level 4. HP: 20/40 MP: 3/3
  1596 | D:3      | Noticed Grinder
  1600 | D:3      | Paralysed by Grinder for 6 turns
  1612 | D:3      | HP: 1/40 [Grinder (3)]
  1612 | D:3      | Slain by Grinder

Skill      XL: |  1  2  3 |
---------------+----------+-----
Shields        | 4 |  4.8
Long Blades    | 3 |  3.5
Armour         | 4 |  4.3
Fighting       | 4 |  4.1

Action                   |  1- 3 |  4- 6 || total
-------------------------+-------+-------++-------
Melee: Long sword        |    83 |    59 ||   142
       Headbutt          |     9 |    10 ||    19
  Use: Scroll            |     7 |     1 ||     8
       Potion            |     1 |     1 ||     2
  Eat: Bread ration      |       |     1 ||     1
Armor: Scale mail        |     8 |       ||     8
       Plate armour      |    33 |    21 ||    54
Dodge: Dodged            |    11 |    10 ||    21
Block: Shield            |    59 |    39 ||    98
       Reflection        |     2 |     2 ||     4
       Rpst.: Long sword |     2 |     5 ||     7
